 Dungeon Crawl Stone Soup version 0.27-a0-1181-g5f64966fcc (webtiles) character file.

Game seed: 2176385007221703371

186225 agentchuck the Reanimator (level 15, -1/99 (115) HPs)
             Began as a Vampire Gladiator on May 14, 2021.
             Was the Champion of Ru.
             Slain by a deep troll (5 damage)
             ... summoned by old memories
             ... in a wizard's laboratory on May 17, 2021.
             The game lasted 03:09:16 (46790 turns).

agentchuck the Reanimator (Vampire Gladiator)      Turns: 46790, Time: 03:09:16

HP:   -1/99 (115)   AC: 18    Str: 17    XL:     15   Next: 42%
MP:   19/24         EV: 15    Int: 18    God:    Ru [******]
Gold: 712           SH: 17    Dex: 15    Spells: 7/30 levels left

rFire    + . .     SeeInvis +   a - +2 double sword (elec)
rCold    + + .     Faith    .   Q - +0 kite shield {AC+3}
rNeg     . . .     Spirit   .   A - +1 leather armour "Faahetzi" {rPois rF+ rC+}
rPois    +         Reflect  +   p - +2 helmet {SInv}
rElec    .         Harm     .   o - +2 cloak {Will+}
rCorr    .         Rampage  .   z - +2 pair of gloves
Will     ++...                  t - +1 pair of boots
Stlth    ++++......             x - amulet of reflection
HPRegen  0.46/turn              I - +6 ring of intelligence
MPRegen  0.19/turn              Y - +4 ring of slaying

@: mighty, unable to read, healing quickly, heavily drained
A: alive, fangs 3, see invisible, clumsy 1, low mp 1, inability to read while
threatened, no fire magic, no summoning magic, no transmutations magic,
unskilled 1, inexperienced 1, vampiric 2, cold resistance 1, mutation resistance
1
}: 1/15 runes: serpentine
a: Exsanguinate, Renounce Religion, Draw Out Power, Power Leap, Apocalypse


You were in a wizard's laboratory.
You worshipped Ru.
Ru was exalted by your worship.
You visited 5 branches of the dungeon, and saw 28 of its levels.
You also visited: Ossuary and Wizlab.

You collected 3106 gold pieces.
You spent 2394 gold pieces at shops.


Innate Abilities, Weirdness & Mutations

Your natural rate of healing is accelerated.
You have razor-sharp teeth.
You have supernaturally acute eyesight. (SInv)
You are clumsy. (Dex -2)
Your magical capacity is low. (-10% MP)
You sometimes lose the ability to read scrolls when taking damage.
You cannot study or cast Fire magic.
You cannot study or cast Summoning magic.
You cannot study or cast Transmutations magic.
You are somewhat unskilled. (-1 Apt)
You are somewhat inexperienced. (-2 XL)
You are afflicted with vampirism and can become a bat while bloodless.
Your flesh is cold resistant. (rC+)
You are somewhat resistant to further mutation.


   Skills:
 - Level 10.2 Fighting
 - Level 4.5(9.5) Short Blades
 + Level 11.8(12.1) Long Blades
 - Level 3.0 Throwing
 - Level 1.9 Armour
 + Level 8.4 Dodging
 - Level 10.1 Stealth
 + Level 10.5 Shields
 - Level 8.1 Spellcasting
 - Level 6.9 Hexes
 + Level 11.9 Necromancy
 - Level 2.5 Ice Magic
 - Level 4.0 Air Magic
 + Level 10.2 Earth Magic
 - Level 2.9 Poison Magic
 - Level 6.1 Evocations


You had 7 spell levels left.
You knew the following spells:

 Your Spells              Type           Power      Damage    Failure   Level
d - Tukima's Dance        Hex            32%        N/A       3%          3
n - Vampiric Draining     Necr           25%        2d9       1%          3
o - Confusing Touch       Hex            32%        N/A       3%          3
p - Poisonous Vapours     Pois/Air       38%        N/A       8%          2
v - Borgnjor's Vile Clut  Necr/Erth      23%        N/A       6%          5
y - Agony                 Necr           50%        N/A       4%          5
z - Ensorcelled Hibernat  Hex/Ice        48%        N/A       4%          2

Your spell library contained the following spells:

 Spells                   Type           Power      Damage    Failure   Level
 Animate Skeleton         Necr           100%       N/A       1%          1
 Corona                   Hex            35%        N/A       1%          1
 Pain                     Necr           100%       1d9       1%          1
 Animate Dead             Necr           25%        N/A       1%          4
 Dazzling Flash           Conj/Hex       38%        N/A       16%         3
 Mephitic Cloud           Conj/Pois/Air  15%        N/A       24%         3
 Searing Ray              Conj           14%        3d3       30%         2
 Silence                  Hex/Air        13%        N/A       52%         5
 Freezing Cloud           Conj/Ice/Air   7%         6-21      100%        6
 Summon Guardian Golem    Hex/Summ       Unusable   N/A       N/A         3
 Beastly Appendage        Tmut           Unusable   N/A       N/A         1
 Summon Small Mammal      Summ           Unusable   N/A       N/A         1
 Animate Armour           Summ/Erth      Unusable   N/A       N/A         4
 Call Imp                 Summ           Unusable   N/A       N/A         2
 Wereblood                Tmut           Unusable   N/A       N/A         2
 Spider Form              Tmut/Pois      Unusable   N/A       N/A         3
 Call Canine Familiar     Summ           Unusable   N/A       N/A         3
 Conjure Flame            Conj/Fire      Unusable   6-21      N/A         3
 Summon Lightning Spire   Summ/Air       Unusable   N/A       N/A         4
 Ice Form                 Ice/Tmut       Unusable   N/A       N/A         4
 Summon Ice Beast         Ice/Summ       Unusable   N/A       N/A         4
 Bolt of Magma            Conj/Fire/Erth Unusable   4d7       N/A         5
 Statue Form              Tmut/Erth      Unusable   N/A       N/A         6
 Hydra Form               Tmut           Unusable   N/A       N/A         5
 Irradiate                Conj/Tmut      Unusable   3d14      N/A         5
 Blade Hands              Tmut           Unusable   N/A       N/A         6
 Shadow Creatures         Summ           Unusable   N/A       N/A         6
 Dragon Form              Tmut           Unusable   N/A       N/A         7

Inventory:

Hand Weapons
 a - a +2 double sword of electrocution (weapon)
 q - a +2 dagger of venom
Missiles
 d - 6 throwing nets {=f}
 i - 20 boomerangs (quivered)
 u - 5 curare-tipped darts {=f}
 V - 12 silver javelins
Armour
 o - a +2 cloak of willpower (worn)
 p - a +2 helmet of see invisible (worn)
 t - a +1 pair of boots (worn)
 z - a +2 pair of gloves (worn)
 A - the +1 leather armour "Faahetzi" (worn) {rPois rF+ rC+}
   (You found it on level 14 of the Dungeon)

   It protects you from fire.
   It protects you from cold.
   It protects you from poison.
 Q - a +0 kite shield of protection (worn)
Jewellery
 e - the ring "Foizedaps" {rF+ Will++ rCorr Int-3 Dex-2}
   (You bought it in a shop on level 4 of the Dungeon)

   [ring of resist corrosion]

   It affects your intelligence (-3).
   It affects your dexterity (-2).
   It protects you from fire.
   It protects you from acid and corrosion.
   It greatly increases your willpower.
 x - an amulet of reflection (around neck)
 I - a +6 ring of intelligence (left hand)
 P - a ring of poison resistance
 R - a ring of resist corrosion
 Y - a +4 ring of slaying (right hand)
 Z - a ring of wizardry
Wands
 c - a wand of flame (29)
 r - a wand of digging (16)
 F - a wand of acid (6)
 G - a wand of polymorph (29)
 H - a wand of charming (2)
 S - a wand of iceblast (3)
Scrolls
 f - 6 scrolls of fear
 g - 17 scrolls of teleportation {@r4}
 y - 4 scrolls of magic mapping
 C - 4 scrolls of blinking
 D - 5 scrolls of silence {!r}
 E - 6 scrolls of summoning
 U - 7 scrolls of identify {@r1}
 X - 3 scrolls of fog
Potions
 h - 3 potions of brilliance
 k - 6 potions of mutation {!q}
 l - 6 potions of might
 m - 5 potions of magic
 n - 8 potions of curing {@q1}
 s - 3 potions of cancellation
 B - 5 potions of heal wounds {@q2}
 L - 2 potions of resistance
 N - 2 potions of haste {@q3}
 O - 4 potions of berserk rage {!q}
 T - 6 potions of flight
Miscellaneous
 j - a lightning rod (4/4)
 J - a condenser vane

Dungeon Overview and Level Annotations

Branches:
Dungeon (15/15)            Temple (0/1) D:7            Lair (6/6) D:8
 Shoals (0/4) Lair:4        Snake (4/4) Lair:2        Slime (0/5) Lair:5
    Orc (2/2) D:9             Elf (1/3) Orc:2        Vaults (0/5) D:13
 Depths (0/5) D:15        Ossuary (visited)          WizLab (1/1)

Altars:
Ashenzari
Dithmenos
Fedhas
Gozag
Kikubaaqudgha
Makhleb
Okawaru
Ru
Trog
Vehumet
Xom
Yredelemnul
Zin
Beogh

Shops:
D:4 =   D:5 (   Orc:2 [:(*   Snake:4 *

Annotations:
D:10 Joseph
D:13 Rupert
D:15 Roxanne
Lair:2 3 runed translucent doors, Reubyar's ghost, journeyman MiBe
Lair:4 exclusions: hydra and 2 oklob plants
Lair:6 2 runed translucent doors, robertstho's ghost, journeyman MiBe
Snake:2 Aizul

♣♣♣ ♣♣♣♣♣♣♣ ♣♣.♣♣♣ ♣.♣.♣.♣
♣♣....♣♣♣♣.....♣♣ ▒▒▒▒▒
♣.....♣..♣......♣▒▒...▒▒
................@T66∩..▒
♣..............♣♣▒▒...▒▒
♣......8........♣ ▒▒▒▒▒
♣♣............♣.♣
♣♣♣♣......♣♣♣♣♣♣
▒▒*▒.♣....♣▒*** ***********
▒..▒▒▒'''▒▒▒.,***,,,**,,,,**
..............,+,,,,,+,,,,,*
▒.............***,,,**,,,,**


You could see 2 demonspawn and a deep troll (summoned).


Message History

You block the monstrous demonspawn's attack. x2
The monstrous demonspawn hits you but does no damage.
The monstrous demonspawn barely misses you.
The monstrous demonspawn gores you!
You feel threatened and lose the ability to read scrolls!
* * * LOW HITPOINT WARNING * * *
The monstrous demonspawn barely misses you.
You riposte.
You slice the monstrous demonspawn!!
Lightning courses through the monstrous demonspawn!!
The monstrous demonspawn is heavily wounded.
The monstrous demonspawn barely misses you.
The monstrous demonspawn gores you.
* * * LOW HITPOINT WARNING * * *
You block the monstrous demonspawn's attack. x2
The monstrous demonspawn gores you but does no damage.
The deep troll barely misses you.
You riposte.
You slice the deep troll!!
The deep troll is moderately wounded.
You block the deep troll's attack. x2
You open the door. The deep troll bites you!
* * * LOW HITPOINT WARNING * * *
The deep troll barely misses you. The deep troll claws you.
* * * LOW HITPOINT WARNING * * *
The monstrous demonspawn barely misses you.
You block the monstrous demonspawn's attack.
The monstrous demonspawn closely misses you.
There is an open door here.
The deep troll bites you!
* * * LOW HITPOINT WARNING * * *
The deep troll claws you.
You die...

Skill      XL: |  1  2  3  4  5  6  7  8  9 10 11 12 13 14 15 16 |
---------------+-------------------------------------------------+-----
Stealth        | 1 2 3 7 9 10 | 10.1
Fighting       | 2 4 5 6 7 8 9 10 | 10.2
Shields        | 1 2 3 5 6 5 10 8 9 | 10.5
Long Blades    | 4 5 6 7 7 8 9 10 11 | 11.8
Dodging        | 4 6 8 |  8.4
Hexes          | 2 6 |  6.9
Evocations     | 2 3 5 6 |  6.1
Short Blades   | 4 5 4 |  4.5
Spellcasting   | 1 2 3 6 7 8 |  8.1
Ice Magic      | 2 1 |  2.5
Throwing       | 2 3 |  3.0
Air Magic      | 1 4 |  4.0
Poison Magic   | 2 |  2.9
Necromancy     | 2 5 7 10 11 | 11.9
Earth Magic    | 2 5 7 8 10 9 | 10.2
Armour         | 1 |  1.9

Action                   |  1- 3 |  4- 6 |  7- 9 | 10-12 | 13-15 | 16-18 || total
-------------------------+-------+-------+-------+-------+-------+-------++-------
Melee: Long sword        |    34 |     6 |       |       |       |       ||    40
       Bite              |     9 |    13 |   117 |    70 |   146 |    19 ||   374
       Dagger            |    69 |   164 |       |    46 |    46 |     1 ||   326
       Rapier            |       |    10 |   986 |   142 |     9 |       ||  1147
       Double sword      |       |       |    19 |   398 |  1060 |   126 ||  1603
       Short sword       |       |       |       |       |     2 |       ||     2
 Fire: Hunting sling     |       |       |     1 |       |       |       ||     1
Throw: Stone             |     1 |     3 |    23 |     3 |       |       ||    30
       Throwing net      |       |     3 |       |     1 |       |       ||     4
       Dart              |       |       |    48 |    53 |       |       ||   101
       Boomerang         |       |       |       |     1 |    20 |    42 ||    63
 Cast: Ensorcelled Hiber |       |       |       |    47 |    22 |       ||    69
       Poisonous Vapours |       |       |       |       |   218 |     1 ||   219
       Borgnjor's Vile C |       |       |       |       |   190 |    53 ||   243
       Vampiric Draining |       |       |       |       |     6 |     3 ||     9
       Tukima's Dance    |       |       |       |       |     3 |       ||     3
Invok: Sacrifice Experie |       |       |     1 |       |       |       ||     1
       Sacrifice Essence |       |       |     1 |       |       |       ||     1
       Sacrifice Skill   |       |       |       |     1 |       |       ||     1
       Sacrifice Words   |       |       |       |     1 |       |       ||     1
       Reject Sacrifices |       |       |       |     1 |     1 |       ||     2
       Power Leap        |       |       |       |       |     3 |     2 ||     5
       Draw Out Power    |       |       |       |       |     4 |       ||     4
       Sacrifice Purity  |       |       |       |       |     1 |       ||     1
       Apocalypse        |       |       |       |       |     2 |     1 ||     3
       Sacrifice Arcana  |       |       |       |       |       |     1 ||     1
 Abil: Exsanguinate      |       |     1 |     2 |       |       |       ||     3
       Revivify          |       |     1 |     2 |       |       |       ||     3
       End Transformatio |       |     1 |       |       |       |       ||     1
       Bat Form          |       |     1 |       |       |       |       ||     1
Evoke: Wand              |       |       |     9 |    10 |    47 |     1 ||    67
       Lightning rod     |       |       |       |       |     3 |       ||     3
       Condenser vane    |       |       |       |       |     1 |       ||     1
  Use: Potion            |       |     5 |     1 |     1 |     4 |       ||    11
       Scroll            |       |     1 |    18 |    10 |    10 |     1 ||    40
 Stab: Sleeping          |     3 |     5 |     9 |    27 |    23 |     5 ||    72
       Distracted        |       |     1 |       |     4 |     9 |       ||    14
       Invisible         |       |       |       |     3 |     7 |       ||    10
       Held in net/web   |       |       |       |     1 |       |       ||     1
       Paralysed         |       |       |       |       |    18 |     3 ||    21
       Petrified         |       |       |       |       |     1 |       ||     1
Armor: Leather armour    |    48 |    25 |   113 |    28 |   141 |    49 ||   404
       Skin              |       |    22 |       |       |       |       ||    22
       Ring mail         |       |       |    19 |       |       |       ||    19
       Troll leather arm |       |       |       |    77 |    58 |       ||   135
       Acid dragon scale |       |       |       |       |   160 |       ||   160
Dodge: Dodged            |    38 |    38 |   263 |   203 |   536 |    58 ||  1136
Block: Tower shield      |    54 |   117 |   235 |       |       |       ||   406
       Buckler           |       |       |   284 |   286 |   567 |    78 ||  1215
       Reflection        |       |       |     1 |    13 |   120 |    20 ||   154
       Kite shield       |       |       |       |       |   256 |    15 ||   271
       Other             |       |       |       |       |     1 |       ||     1
       Rpst.: Long sword |     1 |       |       |       |       |       ||     1
       Double sword      |       |       |     6 |    50 |    93 |    12 ||   161

Levels and vault maps discovered:
D:1:      kilobyte_arrival_exit_the_forest, layout_basic,
          minmay_misc_feat_hallway, minivault_27, kennysheep_doodads,
          minmay_misc_feat_tiny, dk_noncrumbling_2
D:2:      layout_basic, grunt_ministairs_8
D:3:      layout_loops_ring, chequers_ecumenical_altar_simple,
          hangedman_decor_points, uniq_natasha, uniq_grinder, uniq_jessica
D:4:      layout_cave_pods, lightli_sewer_entry_pipes,
          nicolae_ossuary_entry_false_entrances, serial_shops, shop, uniq_robin
D:5:      layout_basic, serial_shops, shop
D:6:      layout_loops_ring, lemuel_doored_altar, corexii_leaking_fountain,
          grunt_ministairs_4, minivault_25, st_stairs_2, minivault_1, uniq_pikel
D:7:      layout_loops_ring, lemuel_crystal_altar, minmay_temple_entry_tees,
          eino_jars
D:8:      cheibrodos_quashed, layout_loops_cross, lemuel_coloured_pillars_altar,
          lair_entry_dummy, uniq_harold, uniq_grum
D:9:      layout_cave_pools, erik_orc_4
D:10:     minmay_the_grid_octo_tiled_squarecenter [minmay_the_grid_octo_focus,
          minmay_the_grid_octo_horde, minmay_the_grid_octo_shrine,
          minmay_the_grid_octo_concentric,
          minmay_the_grid_square_5x5_megaprize_hollow,
          minmay_the_grid_square_5x5_broken_cross,
          minmay_the_grid_square_5x5_inner_i,
          minmay_the_grid_square_5x5_two_small,
          minmay_the_grid_square_5x5_forky], layout_irregular_city,
          gammafunk_temple_overflow_wave, lightli_temple_of_fire, uniq_urug,
          uniq_joseph
D:11:     layout_roguey, uniq_maurice
D:12:     kennysheep_ambush_hall, layout_cave_pools
D:13:     layout_gridville, skrybe_vaults_entry_preservation, uniq_rupert
D:14:     layout_grid_maze, nicolae_vehumet_altar_sigil
D:15:     grunt_enter_depths_hoard, layout_cave_pools, patterned_corridor,
          st_stairs_6, evilmike_ruin_ashenzari, uniq_roxanne
Lair:1:   layout_hall_layers
Lair:2:   layout_cave_pods, minmay_snake_entry_spellcaster, gammafunk_ghost_icy,
          eino_house_with_fridge
Lair:3:   layout_loops_ring, lemuel_fruit_tree, serial_bayou_shore_a,
          grunt_megastairs_5
Lair:4:   layout_loops_ring, minmay_shoals_entry_hut, infiniplex_staircase_pool,
          minmay_lair_oklob_chamber
Lair:5:   layout_regular_city, slime_dummy, nicolae_quartered_pool_super
Lair:6:   wormcave, layout_hall_layers, guppyfry_lair_end_dragon,
          gammafunk_ghost_grave, serial_bayou_lagoon_a, minmay_lair_drake_nest
Snake:1:  layout_honeycomb, basic_altar
Snake:2:  layout_layer_cave, uniq_aizul
Snake:3:  layout_misc_corridors, hangedman_snake_pattern
Snake:4:  snake_pit, layout_cave_town, serial_shops,
          nicolae_shop_overgrown_old_shop, basic_altar
Orc:1:    layout_caves, basic_altar
Orc:2:    grunt_orc_cross, layout_caves, basic_altar
Elf:1:    layout_loops_corners, mu_enter_wizlab_3, minmay_elf_annihilation,
          uniq_nikola
WizLab:   wizlab_wucad

Notes
Turn   | Place    | Note
-------+----------+-------------------------------------------
     0 | D:1      | agentchuck the Vampire Gladiator began the quest for the
                  | Orb.
     0 | D:1      | Reached XP level 1. HP: 16/16 MP: 1/1
   258 | D:1      | Reached skill level 1 in Stealth
   298 | D:1      | Reached XP level 2. HP: 22/22 MP: 2/2
   591 | D:1      | Reached skill level 2 in Stealth
  1120 | D:1      | Reached skill level 2 in Fighting
  1619 | D:2      | Gained mutation: You are afflicted with vampirism and can
                  | become a bat while bloodless. [Vampire growth]
  1619 | D:2      | Reached XP level 3. HP: 27/27 MP: 3/3
  1748 | D:2      | Reached skill level 3 in Stealth
  1900 | D:2      | Reached XP level 4. HP: 31/34 MP: 4/4
  2038 | D:2      | Noticed a black bear
  2291 | D:2      | Reached skill level 1 in Shields
  2315 | D:2      | Reached skill level 4 in Long Blades
  2547 | D:1      | Reached XP level 5. HP: 28/39 MP: 5/5
  2795 | D:3      | Found a faded altar of an unknown god.
  2809 | D:3      | Noticed Jessica
  2821 | D:3      | Killed Jessica
  2822 | D:3      | Reached skill level 2 in Shields
  2969 | D:3      | Noticed Grinder
  3089 | D:3      | Noticed Natasha
  3188 | D:3      | Killed Natasha
  3305 | D:3      | Paralysed by Grinder for 7 turns
  3315 | D:3      | Paralysed by Grinder for 6 turns
  3332 | D:3      | Paralysed by Grinder for 5 turns
  3341 | D:3      | Paralysed by Grinder for 7 turns
  3359 | D:3      | Paralysed by Grinder for 2 turns
  3925 | D:3      | Noticed Natasha
  3958 | D:3      | Killed Natasha
  4003 | D:3      | Noticed Natasha
  4042 | D:3      | Killed Natasha
  4043 | D:3      | Reached XP level 6. HP: 41/41 MP: 6/6
  4212 | D:3      | Gained mutation: Your magical capacity is low. (-10% MP)
                  | [potion of mutation]
  4212 | D:3      | Gained mutation: You are somewhat resistant to further
                  | mutation. [potion of mutation]
  4212 | D:3      | Gained mutation: Your flesh is cold resistant. (rC+)
                  | [potion of mutation]
  4214 | D:3      | Paralysed by Grinder for 2 turns
  4241 | D:3      | Killed Grinder
  4242 | D:3      | Reached skill level 5 in Long Blades
  4242 | D:3      | Reached skill level 3 in Shields
  4490 | D:4      | Found Dosuga's Jewellery Shoppe.
  4694 | D:4      | Reached XP level 7. HP: 51/51 MP: 6/6
  4747 | D:4      | Found a sand-covered staircase.
  4751 | Ossuary  | Entered an ossuary
  4855 | Ossuary  | Reached skill level 4 in Shields
  4916 | Ossuary  | Reached skill level 6 in Long Blades
  5124 | Ossuary  | Reached skill level 5 in Shields
  5292 | Ossuary  | Reached XP level 8. HP: 47/57 MP: 7/7
  5316 | Ossuary  | Reached skill level 7 in Long Blades
  5343 | D:4      | Noticed Robin
  5428 | D:4      | Killed Robin
  6157 | D:4      | Reached skill level 3 in Fighting
  6590 | D:3      | Became a worshipper of Ru the Awakened
  6591 | D:3      | Mutation became permanent: Your magical capacity is low.
                  | (-10% MP) [Ru sacrifice]
  6591 | D:3      | Gained mutation: Your magical capacity is low. (-10% MP)
                  | [Ru sacrifice]
  6651 | D:5      | Entered Level 5 of the Dungeon
  6721 | D:5      | Found Nemer's Weapon Boutique.
  6746 | D:5      | Reached skill level 6 in Shields
  6965 | D:5      | Reached skill level 4 in Fighting
  7088 | D:5      | Reached skill level 4 in Stealth
  7102 | D:5      | Learned a level 2 spell: Ensorcelled Hibernation
  7294 | D:5      | Reached skill level 4 in Dodging
  7294 | D:5      | Reached skill level 1 in Hexes
  7505 | D:5      | Reached skill level 2 in Hexes
  7572 | D:6      | Reached XP level 9. HP: 60/66 MP: 8/8
  7684 | D:6      | Reached skill level 1 in Evocations
  7706 | D:6      | Reached skill level 3 in Hexes
  7852 | D:6      | Noticed Pikel
  7978 | D:5      | Killed Pikel
  7979 | D:5      | Reached skill level 2 in Short Blades
  7979 | D:5      | Reached skill level 5 in Dodging
  7979 | D:5      | Reached skill level 4 in Hexes
  7979 | D:5      | Reached skill level 2 in Evocations
  8326 | D:6      | Identified the +3 mace of Past Mistakes {vorpal, rN+ Str+3
                  | Int+5}
  8355 | D:6      | Reached skill level 5 in Hexes
  8380 | D:6      | Found an opulent altar of Gozag.
  8405 | D:6      | Reached skill level 5 in Stealth
  8852 | D:6      | Reached skill level 3 in Short Blades
  8869 | D:6      | Reached skill level 1 in Spellcasting
  8893 | D:7      | Found a burning altar of Makhleb.
  8980 | D:7      | Found a staircase to the Ecumenical Temple.
  9087 | D:7      | Reached skill level 6 in Stealth
  9088 | D:7      | Reached skill level 6 in Dodging
  9157 | D:7      | Learned a level 3 spell: Confusing Touch
  9216 | D:7      | Noticed a gargoyle
  9218 | D:7      | Killed a gargoyle
  9219 | D:7      | Reached skill level 1 in Ice Magic
  9223 | D:7      | Gained mutation: You are somewhat inexperienced. (-2 XL)
                  | [Ru sacrifice]
  9223 | D:7      | Reached XP level 8. HP: 61/61 MP: 9/9
  9223 | D:7      | Reached XP level 7. HP: 55/55 MP: 8/8
  9223 | D:7      | Reached * piety under Ru
  9223 | D:7      | Reached ** piety under Ru
  9299 | D:7      | Reached skill level 4 in Short Blades
  9299 | D:7      | Reached XP level 8. HP: 61/61 MP: 9/9
  9855 | D:8      | Noticed a hornet
  9873 | D:8      | Identified a scroll of acquirement
  9878 | D:8      | Acquired a +0 double sword of protection
  9929 | D:8      | Killed a hornet
  9930 | D:8      | Reached skill level 7 in Stealth
 10130 | D:8      | Found a staircase to the Lair.
 10271 | D:8      | Reached skill level 2 in Ice Magic
 10632 | D:8      | Noticed Grum
 10686 | D:8      | Killed Grum
 10687 | D:8      | Reached XP level 9. HP: 46/66 MP: 10/10
 10775 | D:8      | Found a shimmering altar of Xom.
 10984 | D:8      | Reached skill level 5 in Short Blades
 11028 | D:8      | Reached skill level 8 in Stealth
 11377 | D:8      | Noticed Harold
 11657 | D:8      | Reached skill level 2 in Throwing
 11673 | D:9      | Reached skill level 5 in Fighting
 11739 | D:9      | Found a staircase to the Orcish Mines.
 11825 | D:9      | Reached skill level 6 in Hexes
 12060 | D:8      | Reached skill level 9 in Stealth
 12212 | D:9      | Reached XP level 10. HP: 58/74 MP: 11/11
 12215 | D:9      | Reached skill level 3 in Throwing
 12222 | D:9      | Learned a level 3 spell: Tukima's Dance
 12520 | D:8      | Gained mutation: You are somewhat unskilled. (-1 Apt) [Ru
                  | sacrifice]
 12520 | D:8      | Reduced skill Short Blades to level 4
 12520 | D:8      | Reduced skill Long Blades to level 6
 12520 | D:8      | Reduced skill Throwing to level 2
 12520 | D:8      | Reduced skill Stealth to level 8
 12520 | D:8      | Reduced skill Shields to level 5
 12520 | D:8      | Reached *** piety under Ru
 12520 | D:8      | Reached **** piety under Ru
 12728 | D:9      | Reached skill level 3 in Throwing
 12934 | D:10     | Entered Level 10 of the Dungeon
 12980 | D:10     | Found a bloodstained altar of Trog.
 13134 | D:10     | Noticed Urug
 13169 | D:10     | Killed Urug
 13170 | D:10     | Reached skill level 9 in Stealth
 13272 | D:10     | Learned a level 2 spell: Poisonous Vapours
 13347 | D:10     | Noticed Joseph
 13672 | D:10     | Reached skill level 3 in Evocations
 13785 | D:10     | Reached skill level 2 in Spellcasting
 13836 | D:10     | Paralysed by a hornet for 2 turns
 13899 | D:10     | Reached skill level 1 in Air Magic
 13953 | D:10     | Noticed a two-headed ogre
 13993 | D:10     | Killed a two-headed ogre
 13994 | D:10     | Reached skill level 7 in Long Blades
 14043 | D:10     | Paralysed by a hornet for 2 turns
 14050 | D:10     | Reached skill level 10 in Stealth
 14050 | D:10     | Reached XP level 11. HP: 64/80 MP: 13/13
 14099 | D:10     | Reached skill level 2 in Air Magic
 14423 | D:10     | Found a sacrificial altar of Ru.
 14425 | D:10     | Found an ancient bone altar of Kikubaaqudgha.
 14425 | D:10     | Found a blossoming altar of Fedhas.
 14481 | D:10     | Learned a level 5 spell: Borgnjor's Vile Clutch
 14500 | D:10     | Identified a potion of resistance
 14596 | D:10     | Found an ancient bone altar of Kikubaaqudgha.
 14596 | D:10     | Found a shadowy altar of Dithmenos.
 14914 | Lair:1   | Entered Level 1 of the Lair of Beasts
 14925 | Lair:1   | Reached skill level 1 in Poison Magic
 14927 | Lair:1   | Noticed a four-headed hydra
 14987 | Lair:1   | Reached skill level 3 in Air Magic
 15169 | Lair:1   | Reached skill level 2 in Poison Magic
 15288 | Lair:1   | Noticed an eight-headed hydra
 15291 | Lair:1   | Killed a four-headed hydra
 15292 | Lair:1   | Reached skill level 6 in Fighting
 15304 | Lair:1   | Killed an eight-headed hydra
 15305 | Lair:1   | Reached skill level 8 in Long Blades
 15469 | Lair:1   | Gained mutation: You sometimes lose the ability to read
                  | scrolls when taking damage. [Ru sacrifice]
 15469 | Lair:1   | Reached ***** piety under Ru
 15622 | Lair:2   | Noticed a necromancer
 15711 | Lair:1   | Reached skill level 4 in Air Magic
 15845 | Lair:2   | Noticed Reubyar's ghost (journeyman MiBe)
 15870 | Lair:2   | Reached skill level 1 in Necromancy
 15917 | Lair:2   | Reached skill level 1 in Earth Magic
 15933 | Lair:2   | Found a staircase to the Snake Pit.
 15953 | Lair:2   | Found a runed translucent gate.
 15953 | Lair:2   | Found a runed translucent gate.
 15953 | Lair:2   | Found a runed translucent gate.
 15989 | Lair:2   | Killed a necromancer
 16381 | Lair:2   | Reached skill level 2 in Necromancy
 16779 | Lair:2   | Reached skill level 2 in Earth Magic
 16779 | Lair:2   | Reached XP level 12. HP: 62/89 MP: 14/14
 17031 | Lair:3   | Reached skill level 3 in Necromancy
 17117 | Lair:3   | Reached skill level 3 in Earth Magic
 17242 | Lair:3   | Reached skill level 7 in Fighting
 17734 | Lair:3   | Reached skill level 9 in Long Blades
 17800 | Lair:3   | Reached skill level 4 in Necromancy
 17974 | Lair:3   | Reached skill level 4 in Earth Magic
 18054 | Lair:4   | Reached skill level 3 in Spellcasting
 18252 | Lair:4   | Noticed a six-headed hydra
 18573 | Lair:4   | Reached skill level 5 in Necromancy
 18972 | Lair:4   | Reached skill level 5 in Earth Magic
 18972 | Lair:4   | Reached XP level 13. HP: 96/96 MP: 8/17
 19029 | Lair:4   | Reached skill level 4 in Spellcasting
 19183 | Lair:4   | Found a staircase to the Shoals.
 19879 | Lair:5   | Reached skill level 6 in Necromancy
 20316 | Lair:5   | Identified the +8 hunting sling "Hirph" {vorpal, Drain
                  | Str+2 SInv}
 20324 | Lair:5   | Found a staircase to the Slime Pits.
 20715 | Lair:6   | Entered Level 6 of the Lair of Beasts
 20915 | Lair:6   | Reached skill level 5 in Spellcasting
 20915 | Lair:6   | Reached skill level 6 in Earth Magic
 21099 | Lair:6   | Found a runed translucent door.
 21100 | Lair:6   | Noticed a fire dragon
 21212 | Lair:6   | Found a runed translucent door.
 21212 | Lair:6   | Noticed robertstho's ghost (journeyman MiBe)
 21468 | Lair:6   | Reached skill level 7 in Necromancy
 21552 | Lair:6   | Reached skill level 8 in Fighting
 21562 | Lair:6   | Reached skill level 10 in Long Blades
 21782 | Lair:6   | Noticed a fire dragon
 21792 | Lair:6   | Killed a fire dragon
 22875 | Lair:6   | Reached skill level 7 in Earth Magic
 23085 | Lair:6   | Reached skill level 6 in Spellcasting
 23158 | Lair:6   | Acquired a +0 kite shield of protection
 23514 | D:4      | Bought the ring "Foizedaps" {rF+ Will++ rCorr Int-3 Dex-2}
                  | for 319 gold pieces
 23604 | Orc:1    | Entered Level 1 of the Orcish Mines
 23706 | Orc:1    | Reached XP level 14. HP: 93/105 MP: 20/20
 23852 | Orc:1    | Reached skill level 6 in Shields
 24004 | Orc:1    | Gained mutation: You are clumsy. (Dex -2) [Ru sacrifice]
 24062 | Orc:2    | Entered Level 2 of the Orcish Mines
 24573 | Orc:2    | Reached skill level 8 in Necromancy
 24723 | Orc:2    | Noticed an orc warlord
 24978 | Orc:2    | Found a staircase to the Elven Halls.
 26336 | Orc:2    | Killed an orc warlord
 26598 | Orc:2    | Found Hiefiep's General Store.
 26602 | Orc:2    | Found Beoxun's Antique Weapon Shoppe.
 26643 | Orc:2    | Bought a dazzling scimitar for 243 gold pieces
 26643 | Orc:2    | Identified the +9 scimitar "Ececk" {holy, rElec Int+3} (You
                  | bought it in a shop on level 2 of the Orcish Mines)
 26659 | Orc:2    | Bought a potion of heal wounds for 85 gold pieces
 26659 | Orc:2    | Bought a potion of might for 68 gold pieces
 26659 | Orc:2    | Bought a wand of acid (6) for 340 gold pieces
 26659 | Orc:2    | Bought a scroll of teleportation for 51 gold pieces
 26737 | Orc:2    | Found Ocry's Antique Armour Shoppe.
 26744 | Orc:2    | Bought a shiny helmet for 217 gold pieces
 26765 | Orc:2    | Found Iffeh's Book Shoppe.
 27406 | D:11     | Learned a level 3 spell: Vampiric Draining
 27412 | D:11     | Learned a level 5 spell: Agony
 27432 | D:11     | Reached skill level 8 in Earth Magic
 27500 | D:11     | Noticed Maurice
 27515 | D:11     | Killed Maurice
 28367 | D:12     | Reached skill level 7 in Shields
 28369 | D:12     | Reached skill level 9 in Necromancy
 28833 | D:13     | Noticed Rupert
 28980 | D:13     | Noticed an ironbound preserver
 29273 | D:13     | Killed an ironbound preserver
 29505 | D:13     | Reached skill level 10 in Necromancy
 29891 | D:13     | Reached skill level 9 in Fighting
 29895 | D:13     | Found a gate to the Vaults.
 30090 | D:13     | Reached XP level 15. HP: 113/113 MP: 7/21
 31289 | D:14     | Found a radiant altar of Vehumet.
 31742 | D:14     | Identified the +1 leather armour "Faahetzi" {rPois rF+ rC+}
 31823 | D:15     | Entered Level 15 of the Dungeon
 32166 | D:15     | Reached skill level 8 in Shields
 32599 | D:15     | Acquired a +4 ring of slaying
 32812 | D:15     | Identified the +5 short sword of True Grit {drain, Int+4}
 32854 | D:15     | Identified a +1 robe of resistance
 33083 | D:15     | Noticed Roxanne
 33739 | D:15     | Found a broken altar of Ashenzari.
 34028 | D:15     | Reached skill level 4 in Evocations
 34172 | D:15     | Found a staircase to the Depths.
 34821 | Snake:1  | Entered Level 1 of the Snake Pit
 35387 | Snake:1  | Reached skill level 1 in Armour
 35571 | Snake:1  | Reached skill level 7 in Spellcasting
 35905 | Snake:1  | Found a basalt altar of Yredelemnul.
 36104 | Snake:1  | Reached skill level 10 in Fighting
 36271 | Snake:1  | Reached skill level 7 in Dodging
 36418 | Snake:1  | Reached skill level 5 in Evocations
 37093 | Snake:1  | Reached XP level 16. HP: 87/122 MP: 15/24
 37391 | Snake:2  | Gained mutation: You cannot study or cast Fire magic. [Ru
                  | sacrifice]
 37391 | Snake:2  | Gained mutation: You cannot study or cast Transmutations
                  | magic. [Ru sacrifice]
 37391 | Snake:2  | Gained mutation: You cannot study or cast Summoning magic.
                  | [Ru sacrifice]
 37391 | Snake:2  | Reached ****** piety under Ru
 37439 | Snake:2  | Noticed Aizul
 40223 | Snake:3  | Reached skill level 11 in Long Blades
 40548 | Snake:3  | Reached skill level 9 in Shields
 40989 | Snake:3  | Reached skill level 8 in Spellcasting
 40989 | Snake:3  | Reached skill level 9 in Earth Magic
 40989 | Snake:3  | Reached skill level 6 in Evocations
 41793 | Snake:4  | Entered Level 4 of the Snake Pit
 42075 | Snake:4  | Reached skill level 11 in Necromancy
 42171 | Snake:4  | Upgraded the game from 0.27-a0-1154-gfdeffcb720 to
                  | 0.27-a0-1181-g5f64966fcc
 42171 | Snake:4  | Reached XP level 15. HP: 115/115 MP: 24/24
 42171 | Snake:4  | Reached XP level 14. HP: 110/110 MP: 23/23
 42388 | Snake:4  | Found an iron altar of Okawaru.
 43513 | Snake:4  | Reached skill level 10 in Shields
 43722 | Snake:4  | Reached XP level 15. HP: 115/115 MP: 18/24
 44283 | Snake:4  | HP: 6/115 [naga warrior/+0 glaive (30)]
 44860 | Snake:4  | Got a serpentine rune of Zot
 44947 | Snake:4  | Reached skill level 8 in Dodging
 44947 | Snake:4  | Reached skill level 10 in Earth Magic
 45201 | Snake:4  | Found Ocwos's Assorted Antiques.
 45456 | Snake:4  | Bought a potion of heal wounds for 170 gold pieces
 45456 | Snake:4  | Bought a scroll of teleportation for 102 gold pieces
 45456 | Snake:4  | Bought a sapphire ring for 170 gold pieces
 45456 | Snake:4  | Bought an inconspicuous book for 510 gold pieces
 45456 | Snake:4  | Bought a scroll of magic mapping for 119 gold pieces
 45851 | D:8      | Killed Harold
 46203 | Elf:1    | Entered Level 1 of the Elven Halls
 46556 | Elf:1    | Found a magical portal.
 46572 | WizLab   | Entered Wucad Mu's Monastery
 46790 | WizLab   | HP: 4/99 [deep troll[old memories] (16)]
 46790 | WizLab   | Slain by a deep troll

Vanquished Creatures
  4 nagarajas
  An orc warlord (Orc:2)
  An ironbound preserver (D:13)
  4 fire dragons
  A salamander tyrant (Snake:4)
  Harold (D:8)
  15 naga warriors
  2 boulder beetles
  A rakshasa (D:15)
  9 hydras
  13 anacondas
  An ogre mage (D:15)
  13 centaur warriors
  8 two-headed ogres
  2 dancing weapons (Elf:1)
  Urug (D:10)
  An orc high priest (Orc:2)
  22 naga sharpshooters
  A deep elf knight (Orc:2)
  6 salamander mystics
  5 shock serpents
  A skeletal warrior (D:15)
  3 lindwurms
  3 orc knights (Orc:2)
  Pikel (D:5)
  A swamp dragon (Lair:6)
  15 naga ritualists
  A wizard (D:13)
  2 deep elf pyromancers
  12 mana vipers
  A deep elf zephyrmancer (Orc:2)
  2 orc sorcerers (Orc:2)
  A necromancer (Lair:2)
  7 cyclopes
  6 ugly things
  A manticore (D:15)
  10 elephants
  8 salamanders
  A guardian serpent (shapeshifter) (D:13)
  34 black mambas
  17 naga magi
  Maurice (D:11)
  4 guardian serpents
  9 cane toads
  2 gargoyles
  5 torpor snails (Lair:6)
  2 kobold demonologists
  13 rime drakes
  10 komodo dragons
  An unseen horror (D:12)
  4 yaktaurs (D:15)
  Grinder (D:3)
  11 hornets
  8 trolls
  3 tyrant leeches (Lair:6)
  4 slime creatures
  24 blink frogs
  A snapping turtle (Lair:4)
  A raiju (shapeshifter) (D:14)
  A shadow (D:12)
  A vampire (D:12)
  A spriggan (shapeshifter) (D:15)
  3 wraiths
  4 wyverns
  51 yaks
  10 basilisks
  Grum (D:8)
  2 steam dragons
  7 vampire mosquitoes
  5 wargs
  7 acid dragons
  55 nagas
  10 water moccasins
  23 orc warriors
  A sky beast (D:6)
  2 swamp drakes (Lair:6)
  A hornet zombie (D:6)
  7 ogres
  4 black bears
  4 wolves (D:8)
  22 centaurs
  2 lemures (D:6)
  4 kobold brigands
  4 elf zombies (Ossuary)
  11 bullfrogs
  A gnoll sergeant (D:9)
  5 scorpions
  A wyvern skeleton (D:5)
  A water moccasin zombie (D:6)
  18 killer bees
  4 electric eels
  5 wights (D:10)
  4 howler monkeys (D:9)
  2 bullfrog zombies (D:5)
  5 centaur zombies
  6 human zombies (Ossuary)
  A centaur skeleton (D:6)
  3 gnoll shamans
  5 hounds
  20 orc priests
  3 quasits (D:8)
  2 jellies
  Jessica (D:3)
  6 iguanas
  Natasha (thrice) (D:3)
  19 orc wizards
  A polar bear simulacrum (Lair:2)
  A yak simulacrum (Lair:2)
  A hound zombie (D:5)
  3 mummies (Ossuary)
  Robin (D:4)
  24 gnolls
  8 adders
  3 river rats (D:4)
  2 shadow imps (D:6)
  An adder zombie (D:5)
  An adder skeleton (D:4)
  5 worms
  4 dart slugs
  64 orcs
  8 ball pythons
  11 endoplasms
  13 hobgoblins
  7 jackals (D:2)
  14 kobolds
  2 quokkas
  5 bats
  3 frilled lizards
  18 goblins
  8 rats
909 creatures vanquished.

Vanquished Creatures (collateral kills)
  An acid dragon (D:10)
  A howler monkey (D:10)
2 creatures vanquished.

Vanquished Creatures (others)
  A deep elf knight (Orc:2)
  A shock serpent (Snake:3)
  A salamander (Snake:1)
  A mana viper (Snake:1)
  2 black mambas (Snake:4)
  A torpor snail (Lair:4)
  A cane toad (Lair:4)
  A dancing weapon (Snake:4)
  3 yaks
  A basilisk (Lair:6)
  A naga (Snake:4)
  An orc warrior (Orc:2)
  A centaur (D:11)
  2 orcs
  A kobold (D:11)
  38 fungi
  105 plants
  2 withered plants (Lair:6)
164 creatures vanquished.

Grand Total: 1075 creatures vanquished

Table legend: (Time is in decaauts)
 A = Elapsed time spent in this place.
 B = Non-inter-level travel time spent in this place.
 C = Inter-level travel time spent in this place.
 D = Time resting spent in this place.
 E = Time spent auto-exploring this place.
 F = Levels seen in this place.
 G = Mean time per level.
                   A        B        C        D        E       F      G
               +--------+--------+--------+--------+--------+-----+--------+
         Total |  46766 |  43685 |   3081 |  13477 |  15088 |  30 | 1558.9 |
       Dungeon |  22579 |  20498 |   2081 |   4976 |   8636 |  15 | 1505.3 |
          Lair |   9091 |   8567 |    524 |   1785 |   3521 |   6 | 1515.2 |
     Snake Pit |  10561 |  10277 |    284 |   4710 |   2262 |   4 | 2640.2 |
  Orcish Mines |   3488 |   3297 |    191 |   1530 |    669 |   2 | 1744.0 |
   Elven Halls |    227 |    227 |      0 |    146 |      0 |   1 |  227.0 |
       Ossuary |    600 |    600 |      0 |    187 |      0 |   1 |  600.0 |
        Wizlab |    217 |    217 |      0 |    142 |      0 |   1 |  217.0 |
               +--------+--------+--------+--------+--------+-----+--------+

Top non-repeatable levels by time:
 Snake:4: 3355 daAuts
 Snake:3: 2943 daAuts
   Orc:2: 2515 daAuts
    D:14: 2409 daAuts
  Lair:6: 2358 daAuts
 Snake:1: 2302 daAuts
     D:8: 2295 daAuts
    D:10: 1971 daAuts
 Snake:2: 1960 daAuts
    D:15: 1861 daAuts
     D:4: 1768 daAuts
     D:1: 1756 daAuts
  Lair:4: 1707 daAuts
  Lair:2: 1668 daAuts
     D:3: 1490 daAuts

Table legend:
 A = Non-vault XP
 B = Vault XP
 C = Vault XP percentage of total XP
 D = Non-vault monster count
 E = Vault monster count
 F = Vault count percentage of total count
                 A         B        C        D         E       F
            +---------+---------+-------+---------+---------+-------
      Total |  179893 |   71592 |  28.5 |     674 |     247 |  26.8
            +---------+---------+-------+---------+---------+-------
        D:1 |      53 |       0 |   0.0 |      23 |       0 |   0.0
        D:2 |     159 |       8 |   4.8 |      29 |       4 |  12.1
        D:3 |     101 |     362 |  78.2 |      17 |       3 |  15.0
        D:4 |     377 |     108 |  22.3 |      24 |      22 |  47.8
        D:5 |     821 |     673 |  45.0 |      22 |       1 |   4.3
        D:6 |     877 |     239 |  21.4 |      27 |       3 |  10.0
        D:7 |     945 |     306 |  24.5 |       7 |       5 |  41.7
        D:8 |    2318 |    2038 |  46.8 |      31 |      16 |  34.0
        D:9 |    1570 |     137 |   8.0 |      22 |       9 |  29.0
       D:10 |     788 |    5412 |  87.3 |      10 |      25 |  71.4
       D:11 |    8052 |     457 |   5.4 |      31 |       1 |   3.1
       D:12 |    1909 |    2756 |  59.1 |       7 |       7 |  50.0
       D:13 |    8895 |    6858 |  43.5 |      24 |       9 |  27.3
       D:14 |    6155 |       0 |   0.0 |      16 |       0 |   0.0
       D:15 |   15067 |    3546 |  19.1 |      24 |       4 |  14.3
     Lair:1 |    5283 |       0 |   0.0 |      16 |       0 |   0.0
     Lair:2 |    4027 |    1098 |  21.4 |      16 |       4 |  20.0
     Lair:3 |    6682 |    1250 |  15.8 |      24 |       5 |  17.2
     Lair:4 |   11255 |     451 |   3.9 |      41 |       2 |   4.7
     Lair:5 |    6441 |       0 |   0.0 |      22 |       0 |   0.0
     Lair:6 |    5456 |   10896 |  66.6 |      14 |      34 |  70.8
    Snake:1 |   25187 |       0 |   0.0 |      47 |       0 |   0.0
    Snake:2 |   10610 |       0 |   0.0 |      23 |       0 |   0.0
    Snake:3 |   23360 |       0 |   0.0 |      41 |       0 |   0.0
    Snake:4 |   27044 |   26280 |  49.3 |      57 |      40 |  41.2
      Orc:1 |    1092 |       0 |   0.0 |      24 |       0 |   0.0
      Orc:2 |    3638 |    7937 |  68.6 |      33 |      38 |  53.5
      Elf:1 |    1731 |       0 |   0.0 |       2 |       0 |   0.0
    Ossuary |       0 |     780 | 100.0 |       0 |      15 | 100.0
            +---------+---------+-------+---------+---------+-------
